[Event "11th Arad Open 2018"]
[Site "Arad"]
[Date "2018.08.09"]
[Round "6"]
[White "Tomici, Stefan"]
[Black "Mozes, Ervin"]
[Result "1/2-1/2"]
[ECO "B03"]
[WhiteElo "2306"]
[BlackElo "2143"]
[Annotator "NA"]
[PlyCount "90"]
[EventDate "2018.08.05"]
[EventType "swiss"]
[EventCountry "ROU"]
[SourceTitle "playchess.com"]
[Source "ChessBase"]
[SourceQuality "1"]
[TimeControl "40/5400+30:1800+30"]

1. e4 Nf6 2. e5 Nd5 3. d4 d6 4. c4 Nb6 5. exd6 exd6 6. Nc3 Be7 7. Bd3 O-O 8. Nge2 Nc6 9. b3 Re8 10. O-O Bf6 11. Bb2 Bg4 12. f3 Bh5 13. Ne4 Bg6 14. Nxf6+ Qxf6 15. Bxg6 fxg6 16. Qd2 d5 17. c5 Nd7 18. Rae1 Qf7 19. Nf4 g5 20. Nd3 h6 21. b4 a6 22. Bc3 Rxe1 23. Rxe1 Re8 24. a4 Rxe1+ 25. Qxe1 Qe7 26. Qxe7 Nxe7 27. Kf2 c6 28. g4 Ng6 29. Ke3 Kf7 30. Be1 Ndf8 31. Bg3 Ne6 32. Nc1 Ke8 33. Ne2 Kd7 34. Nc3 Kc8 35. b5 axb5 36. axb5 Kd7 37. b6 Ngf4 38. Nd1 Ng2+ 39. Kd3 Ngf4+ 40. Bxf4 gxf4 41. h4 g5 42. h5 Nd8 43. Nf2 Nf7 44. Kc3 Kc8 45. Nd3 Kd7 1/2-1/2

[Event "11th Arad Open 2018"]
[Site "Arad"]
[Date "2018.08.09"]
[Round "6"]
[White "Nastase, Robert-Paul"]
[Black "David, Bogdan-Emanuel"]
[Result "1-0"]
[ECO "E81"]
[WhiteElo "2299"]
[BlackElo "2104"]
[Annotator "NA"]
[PlyCount "79"]
[EventDate "2018.08.05"]
[EventType "swiss"]
[EventCountry "ROU"]
[SourceTitle "playchess.com"]
[Source "ChessBase"]
[SourceQuality "1"]
[TimeControl "40/5400+30:1800+30"]

1. d4 Nf6 2. c4 g6 3. Nc3 Bg7 4. e4 d6 5. f3 O-O 6. Bg5 h6 7. Be3 c5 8. d5 e6 9. Qd2 exd5 10. cxd5 h5 11. a4 Nbd7 12. Nh3 Re8 13. Be2 Ne5 14. Nf2 a6 15. O-O Rb8 16. h3 Nh7 17. f4 Nd7 18. Bd3 Ndf6 19. Qe2 Qe7 20. Rae1 h4 21. Qf3 Nh5 22. Nh1 b5 23. e5 dxe5 24. fxe5 Bxe5 25. d6 Bxd6 26. Nd5 Qb7 27. Be4 Rxe4 28. Qxe4 Be6 29. Nc3 Qc7 30. axb5 axb5 31. Qxh4 Ng7 32. Bf4 Nf5 33. Bxd6 Qxd6 34. Qf4 Qb6 35. Ng3 Nxg3 36. Qxg3 c4+ 37. Kh1 b4 38. Rxe6 fxe6 39. Qxg6+ Kh8 40. Rf7 1-0

[Event "11th Arad Open 2018"]
[Site "Arad"]
[Date "2018.08.09"]
[Round "6"]
[White "Florescu, Codrut-Constantin"]
[Black "Bai, Adelard"]
[Result "1/2-1/2"]
[ECO "A48"]
[WhiteElo "2295"]
[BlackElo "2071"]
[Annotator "NA"]
[PlyCount "68"]
[EventDate "2018.08.05"]
[EventType "swiss"]
[EventCountry "ROU"]
[SourceTitle "playchess.com"]
[Source "ChessBase"]
[SourceQuality "1"]
[TimeControl "40/5400+30:1800+30"]

1. d4 Nf6 2. Bf4 g6 3. Nf3 Bg7 4. e3 d6 5. Be2 O-O 6. O-O b6 7. c4 Bb7 8. Nc3 Nbd7 9. b4 c5 10. bxc5 dxc5 11. d5 Nh5 12. Qd2 Nxf4 13. exf4 Nf6 14. Rad1 Ne8 15. Rfe1 Nd6 16. Bd3 Qc7 17. Ne5 Rae8 18. Bf1 Ba6 19. a4 f6 20. Nc6 Bxc4 21. Bxc4 Nxc4 22. Qa2 Nd6 23. Nb5 Qd7 24. Re6 Kh8 25. Rde1 Nc8 26. f5 gxf5 27. Qe2 Rg8 28. Qf3 Bh6 29. Qxf5 a6 30. Na3 Rg5 31. Qh3 Qxd5 32. f4 Rh5 33. Qc3 Rg8 34. g3 Bxf4 1/2-1/2

[Event "11th Arad Open 2018"]
[Site "Arad"]
[Date "2018.08.09"]
[Round "6"]
[White "Pisu, Robert-Daniel"]
[Black "Plugaru, Rares"]
[Result "1/2-1/2"]
[ECO "A45"]
[WhiteElo "2282"]
[BlackElo "1948"]
[Annotator "NA"]
[PlyCount "152"]
[EventDate "2018.08.05"]
[EventType "swiss"]
[EventCountry "ROU"]
[SourceTitle "playchess.com"]
[Source "ChessBase"]
[SourceQuality "1"]
[TimeControl "40/5400+30:1800+30"]

1. d4 Nf6 2. g3 e6 3. Bg2 c5 4. Nf3 Nc6 5. O-O d5 6. c4 dxc4 7. Qa4 Bd7 8. dxc5 Bxc5 9. Qxc4 Qe7 10. Bg5 Bb6 11. Rd1 e5 12. Nc3 Qe6 13. Nb5 Qxc4 14. Nd6+ Ke7 15. Nxc4 h6 16. Bxf6+ gxf6 17. Nxb6 axb6 18. Nh4 Bg4 19. Be4 Rhd8 20. f3 Be6 21. a3 Na5 22. Nf5+ Bxf5 23. Bxf5 Nc4 24. Rxd8 Rxd8 25. Rc1 Nxb2 26. Rc7+ Kf8 27. Rxb7 Rd1+ 28. Kg2 Rd6 29. Rb8+ Kg7 30. Rc8 Rd2 31. Kf2 Rd4 32. Bc2 Nd1+ 33. Ke1 Ne3 34. Bb3 Nf5 35. Rc6 b5 36. Rc5 Nd6 37. Kf2 Rd2 38. Rc6 Kf8 39. Ke3 Rb2 40. Bd5 Nf5+ 41. Kd3 Ne7 42. Rc5 Nxd5 43. Rxd5 Rb3+ 44. Ke4 Rxa3 45. Rxb5 Ra2 46. Kf5 Kg7 47. Rb4 Rxe2 48. Rg4+ Kf8 49. Kxf6 Rxh2 50. Rg7 Rf2 51. Rxf7+ Kg8 52. Kg6 Rg2 53. g4 Rg3 54. Rf5 e4 55. Re5 Rxf3 56. Rxe4 Rf8 57. Re6 Rb8 58. Ra6 h5 59. Kxh5 Rb7 60. Kg6 Rg7+ 61. Kf5 Rf7+ 62. Rf6 Rb7 63. g5 Kg7 64. Rg6+ Kf7 65. Rh6 Rb5+ 66. Kg4 Kg7 67. Ra6 Rb1 68. Ra7+ Kg6 69. Ra6+ Kg7 70. Rf6 Rg1+ 71. Kf5 Rf1+ 72. Ke6 Re1+ 73. Kd6 Rg1 74. Rf5 Kg6 75. Rd5 Rxg5 76. Rxg5+ Kxg5 1/2-1/2

[Event "11th Arad Open 2018"]
[Site "Arad"]
[Date "2018.08.09"]
[Round "6"]
[White "Cvetkovic, Srdjan"]
[Black "Zawadzka, Jolanta"]
[Result "0-1"]
[ECO "A12"]
[WhiteElo "2252"]
[BlackElo "2435"]
[Annotator "NA"]
[PlyCount "76"]
[EventDate "2018.08.05"]
[EventType "swiss"]
[EventCountry "ROU"]
[SourceTitle "playchess.com"]
[Source "ChessBase"]
[SourceQuality "1"]
[TimeControl "40/5400+30:1800+30"]

1. c4 c6 2. Nf3 d5 3. b3 Bg4 4. Bb2 Nf6 5. e3 Nbd7 6. h3 Bh5 7. cxd5 cxd5 8. g4 Bg6 9. g5 Ne4 10. Nc3 e6 11. Nxe4 dxe4 12. Ne5 Nxe5 13. Bxe5 Qxg5 14. Bb2 Rd8 15. h4 Qa5 16. a3 Bh5 17. Qc2 f6 18. Bd4 Bf3 19. Rg1 Kf7 20. b4 Qd5 21. Qc7+ Rd7 22. Qc8 Rd8 23. Qc7+ Qd7 24. Qxd7+ Rxd7 25. Bxa7 Bd6 26. Be2 Be5 27. Bxf3 Bxa1 28. Bxe4 Ra8 29. Ke2 Be5 30. Bb6 f5 31. Bd3 Rxa3 32. Bb5 Rd6 33. Bc7 Rd5 34. Bxe5 Rxe5 35. Bc4 Re4 36. Rc1 Rxh4 37. f4 Rh2+ 38. Ke1 Kf6 0-1

[Event "11th Arad Open 2018"]
[Site "Arad"]
[Date "2018.08.09"]
[Round "6"]
[White "Vujacic, Borivoje"]
[Black "Coca, Cristi-Iulian"]
[Result "1-0"]
[ECO "B43"]
[WhiteElo "2235"]
[BlackElo "2024"]
[Annotator "NA"]
[PlyCount "103"]
[EventDate "2018.08.05"]
[EventType "swiss"]
[EventCountry "ROU"]
[SourceTitle "playchess.com"]
[Source "ChessBase"]
[SourceQuality "1"]
[TimeControl "40/5400+30:1800+30"]

1. e4 c5 2. Nf3 e6 3. d4 cxd4 4. Nxd4 a6 5. Nc3 Qc7 6. Bd3 Nf6 7. O-O b5 8. a3 Bb7 9. Kh1 d6 10. f4 Nbd7 11. Qe2 Be7 12. Bd2 O-O 13. Rae1 Rfe8 14. Qf2 g6 15. Qg3 Bf8 16. f5 Bg7 17. fxe6 fxe6 18. Qh3 Nf8 19. Qh4 N6d7 20. Nf3 Ne5 21. Nxe5 Bxe5 22. Rf3 Nd7 23. Ref1 Nc5 24. Bh6 Bg7 25. h3 Rf8 26. Rxf8+ Rxf8 27. Rxf8+ Bxf8 28. Bxf8 Kxf8 29. Qf6+ Kg8 30. b4 Nxd3 31. cxd3 Bc8 32. Ne2 Qf7 33. Qd8+ Qf8 34. Qc7 e5 35. Ng1 Be6 36. Qc6 Bc8 37. Qc7 Be6 38. Qa7 Bc8 39. d4 exd4 40. Qxd4 Qe7 41. Nf3 Bb7 42. Nd2 Kf7 43. Kg1 Ke6 44. Qb6 Kf7 45. Qa7 Qc7 46. Kf2 Ke6 47. Qd4 d5 48. e5 h5 49. Nf3 Bc8 50. Qf4 Qc2+ 51. Kg3 Qf5 52. Nd4+ 1-0

[Event "11th Arad Open 2018"]
[Site "Arad"]
[Date "2018.08.09"]
[Round "6"]
[White "Dinu, Dumitru-Daniel"]
[Black "Macovei, Andrei"]
[Result "0-1"]
[ECO "A22"]
[WhiteElo "2225"]
[BlackElo "2394"]
[Annotator "NA"]
[PlyCount "64"]
[EventDate "2018.08.05"]
[EventType "swiss"]
[EventCountry "ROU"]
[SourceTitle "playchess.com"]
[Source "ChessBase"]
[SourceQuality "1"]
[TimeControl "40/5400+30:1800+30"]

1. c4 Nf6 2. Nc3 e5 3. g3 Bb4 4. Bg2 Bxc3 5. dxc3 d6 6. Nf3 O-O 7. O-O Nc6 8. e4 Nxe4 9. Nxe5 Nxe5 10. Bxe4 Nxc4 11. Bxh7+ Kxh7 12. Qd3+ Kg8 13. Qxc4 Be6 14. Qd4 Qd7 15. Bf4 Qc6 16. f3 Rfe8 17. b3 a5 18. c4 a4 19. Bd2 axb3 20. Bc3 f6 21. axb3 Rxa1 22. Bxa1 Bh3 23. Rc1 Qxf3 24. Qd5+ Qxd5 25. cxd5 Re2 26. Bc3 Kf8 27. Bb4 Rg2+ 28. Kh1 Rb2 29. Kg1 Rxb3 30. Be1 Re3 31. Kf2 Re7 32. Kf3 Bf5 0-1

[Event "11th Arad Open 2018"]
[Site "Arad"]
[Date "2018.08.09"]
[Round "6"]
[White "Vachylia, Andrii"]
[Black "Soltanici, Ruslan"]
[Result "0-1"]
[ECO "E15"]
[WhiteElo "2192"]
[BlackElo "2383"]
[Annotator "NA"]
[PlyCount "114"]
[EventDate "2018.08.05"]
[EventType "swiss"]
[EventCountry "ROU"]
[SourceTitle "playchess.com"]
[Source "ChessBase"]
[SourceQuality "1"]
[TimeControl "40/5400+30:1800+30"]

1. d4 Nf6 2. c4 e6 3. Nf3 b6 4. g3 Ba6 5. Qc2 Bb7 6. Bg2 c5 7. d5 exd5 8. cxd5 Nxd5 9. O-O Be7 10. Rd1 Nc6 11. Qf5 Nf6 12. e4 g6 13. Qf4 O-O 14. e5 Nh5 15. Qg4 d5 16. Nc3 d4 17. Bh6 Qc8 18. Qxc8 Rfxc8 19. Nd5 Bf8 20. Bg5 h6 21. g4 Nd8 22. Bxh6 Bxd5 23. Bxf8 Nf4 24. Bh6 Nde6 25. Ne1 Nxg2 26. Nxg2 Bf3 27. Rd3 Bxg4 28. Rg3 Bh5 29. Nf4 Nxf4 30. Bxf4 c4 31. Bd2 Rc5 32. Rc1 Rac8 33. f4 Rb5 34. b3 c3 35. Rd3 Bg4 36. Be1 Rd5 37. Kf1 Bf5 38. Rdd1 Bg4 39. Rd3 Bf5 40. Rdd1 a5 41. Kf2 Rdd8 42. a3 Bg4 43. Rd3 b5 44. b4 axb4 45. axb4 Ra8 46. Kg1 Bf5 47. Rdd1 Bg4 48. Rd3 Be2 49. Rg3 d3 50. Bxc3 Rac8 51. Bd2 Rxc1+ 52. Bxc1 d2 53. Bxd2 Rxd2 54. f5 Bd3 55. f6 Bc4 56. h4 Re2 57. Rg5 Kf8 0-1

[Event "11th Arad Open 2018"]
[Site "Arad"]
[Date "2018.08.09"]
[Round "6"]
[White "Ghimpu, Samuel-Timotei"]
[Black "Peptan, Corina-Isabela"]
[Result "1/2-1/2"]
[ECO "A06"]
[WhiteElo "2184"]
[BlackElo "2380"]
[Annotator "NA"]
[PlyCount "171"]
[EventDate "2018.08.05"]
[EventType "swiss"]
[EventCountry "ROU"]
[SourceTitle "playchess.com"]
[Source "ChessBase"]
[SourceQuality "1"]
[TimeControl "40/5400+30:1800+30"]

1. Nf3 d5 2. g3 c6 3. Bg2 Nf6 4. O-O Bf5 5. c4 e6 6. d4 Nbd7 7. Qb3 Qb6 8. c5 Qa6 9. Nc3 b6 10. cxb6 axb6 11. Nh4 b5 12. Nxf5 exf5 13. Qc2 b4 14. Nd1 g6 15. b3 Bg7 16. Bf4 O-O 17. Nb2 Ne4 18. Bxe4 fxe4 19. Be3 Rfc8 20. Rfd1 Nb6 21. Bf4 Bf8 22. Be3 Qb7 23. Rdc1 Qe7 24. Qd2 Qf6 25. Rc2 Ra6 26. Bg5 Qe6 27. Nd1 Na8 28. Bf4 Nc7 29. Bxc7 Rxc7 30. Rac1 h5 31. e3 Qc8 32. Qe2 Qa8 33. Kg2 Rca7 34. Nb2 Rxa2 35. Na4 Rxc2 36. Qxc2 Ra6 37. Qe2 Be7 38. h4 Kg7 39. Rc2 Ra7 40. Qd1 Qc8 41. Kh2 Qa6 42. Kg1 Rd7 43. Qf1 Qb7 44. Nc5 Bxc5 45. Rxc5 Qb6 46. Qc1 Rc7 47. Qd2 Ra7 48. Qc1 Ra6 49. Kg2 Qb7 50. Kh2 Qa8 51. Qd2 Ra1 52. Rc1 Rxc1 53. Qxc1 Qa2 54. Kg2 Qxb3 55. Qxc6 Qc4 56. Qd6 Qb5 57. Qe5+ Kg8 58. g4 Qe2 59. gxh5 Qg4+ 60. Kf1 gxh5 61. Qe8+ Kg7 62. Qe5+ Kg6 63. Qxd5 Qxh4 64. Qd6+ Kg7 65. Qxb4 Qh1+ 66. Ke2 h4 67. Qe7 Qf3+ 68. Kf1 Qg4 69. Qe5+ Kg6 70. Qd6+ f6 71. Qd5 Qf3 72. Qg8+ Kh5 73. Kg1 f5 74. d5 Qd1+ 75. Kg2 Qf3+ 76. Kg1 Qd1+ 77. Kg2 Qf3+ 78. Kg1 Kh6 79. Qh8+ Kg5 80. Qg7+ Kh5 81. Qg8 Qd1+ 82. Kg2 Qf3+ 83. Kg1 Kh6 84. Qh8+ Kg5 85. Qg7+ Kh5 86. Qg8 1/2-1/2

[Event "11th Arad Open 2018"]
[Site "Arad"]
[Date "2018.08.09"]
[Round "6"]
[White "Daianu, Cristian-Clement"]
[Black "Farkas, Gabor"]
[Result "0-1"]
[ECO "C50"]
[WhiteElo "2166"]
[BlackElo "2366"]
[Annotator "NA"]
[PlyCount "84"]
[EventDate "2018.08.05"]
[EventType "swiss"]
[EventCountry "ROU"]
[SourceTitle "playchess.com"]
[Source "ChessBase"]
[SourceQuality "1"]
[TimeControl "40/5400+30:1800+30"]

1. e4 e5 2. Nf3 Nc6 3. Bc4 Bc5 4. O-O Nf6 5. d3 O-O 6. c3 d5 7. exd5 Nxd5 8. h3 Nb6 9. Bb3 Bf5 10. Bc2 a5 11. Qe2 Re8 12. Nbd2 h6 13. Ne4 Bf8 14. a4 Nd5 15. Re1 Bg6 16. Bb3 Kh8 17. Ng3 Nb6 18. Rd1 f5 19. Qf1 Qf6 20. d4 e4 21. Ne5 Nxe5 22. dxe5 Qxe5 23. Ne2 Qf6 24. Be3 c5 25. Nf4 Re5 26. Qb5 Be8 27. Qe2 g5 28. Nd5 Nxd5 29. Rxd5 Bd6 30. Rad1 Rxd5 31. Rxd5 Bc6 32. Bxg5 hxg5 33. Qh5+ Kg7 34. Rxd6 Qxd6 35. Qxg5+ Kh7 36. Qh4+ Kg6 37. g4 fxg4 38. Qxg4+ Kh7 39. Be6 Qe7 40. Bf5+ Kh8 41. Qh5+ Kg8 42. Kf1 Re8 0-1

[Event "11th Arad Open 2018"]
[Site "Arad"]
[Date "2018.08.09"]
[Round "6"]
[White "Ursan, Petru-Sebastian"]
[Black "Dobre, Claudiu-Cristian"]
[Result "1/2-1/2"]
[ECO "A15"]
[WhiteElo "2147"]
[BlackElo "2356"]
[Annotator "NA"]
[PlyCount "51"]
[EventDate "2018.08.05"]
[EventType "swiss"]
[EventCountry "ROU"]
[SourceTitle "playchess.com"]
[Source "ChessBase"]
[SourceQuality "1"]
[TimeControl "40/5400+30:1800+30"]

1. c4 Nf6 2. Nf3 c6 3. g3 d5 4. Bg2 Bf5 5. cxd5 cxd5 6. Qb3 Qd7 7. O-O Nc6 8. d4 e6 9. Bf4 Be7 10. Nc3 h6 11. Ne5 Qc8 12. Rfc1 Nxd4 13. Qa4+ Nc6 14. e4 dxe4 15. Nxe4 Bxe4 16. Bxe4 Nxe4 17. Qxe4 O-O 18. Nxc6 bxc6 19. Rxc6 Qb7 20. b3 Bf6 21. Rac1 Rfe8 22. R1c4 Qb5 23. R4c5 Qb7 24. Rc4 Qb5 25. R4c5 Qb7 26. Rc4 1/2-1/2

[Event "11th Arad Open 2018"]
[Site "Arad"]
[Date "2018.08.09"]
[Round "6"]
[White "Geher, Koppany"]
[Black "Posedaru, Bogdan"]
[Result "1/2-1/2"]
[ECO "B32"]
[WhiteElo "2137"]
[BlackElo "2326"]
[Annotator "NA"]
[PlyCount "61"]
[EventDate "2018.08.05"]
[EventType "swiss"]
[EventCountry "ROU"]
[SourceTitle "playchess.com"]
[Source "ChessBase"]
[SourceQuality "1"]
[TimeControl "40/5400+30:1800+30"]

1. e4 c5 2. Nf3 Nc6 3. d4 cxd4 4. Nxd4 e5 5. Nb5 d6 6. N1c3 a6 7. Na3 Be7 8. Be3 b5 9. Nd5 Rb8 10. c4 b4 11. Nc2 Nf6 12. Nxf6+ Bxf6 13. b3 O-O 14. g3 Bg5 15. Bg2 Bxe3 16. Nxe3 Nd4 17. O-O Qb6 18. Kh1 Bb7 19. Nc2 Ne6 20. Qd2 a5 21. Rad1 Rfd8 22. f4 Nc5 23. Qe3 Bc6 24. Rd2 Nxe4 25. Bxe4 Qxe3 26. Nxe3 Bxe4+ 27. Kg1 Kf8 28. Rfd1 Bf3 29. Rf1 Be4 30. Rfd1 Bf3 31. Rf1 1/2-1/2

[Event "11th Arad Open 2018"]
[Site "Arad"]
[Date "2018.08.09"]
[Round "6"]
[White "Miloi, Pavel-Dan"]
[Black "Velickovic, Sasa"]
[Result "0-1"]
[ECO "A43"]
[WhiteElo "2047"]
[BlackElo "2290"]
[Annotator "NA"]
[PlyCount "114"]
[EventDate "2018.08.05"]
[EventType "swiss"]
[EventCountry "ROU"]
[SourceTitle "playchess.com"]
[Source "ChessBase"]
[SourceQuality "1"]
[TimeControl "40/5400+30:1800+30"]

1. d4 Nf6 2. Nf3 c5 3. d5 g6 4. c4 d6 5. Nc3 Bg7 6. g3 O-O 7. Bg2 e6 8. O-O exd5 9. cxd5 a6 10. a4 Nbd7 11. Bf4 Qe7 12. a5 h6 13. h4 Nh5 14. Bd2 f5 15. Qc1 Kh7 16. e4 Ndf6 17. Re1 fxe4 18. Nxe4 Qd8 19. Nxf6+ Nxf6 20. Qc4 Bd7 21. Ra3 Rf7 22. Rae3 Qf8 23. Qb3 Ng4 24. R3e2 Bf5 25. Bf4 Rd8 26. h5 gxh5 27. Nh4 Kh8 28. Be4 Bxe4 29. Rxe4 Rf6 30. Qxb7 Qg8 31. Qc6 Qh7 32. Re8+ Rxe8 33. Qxe8+ Bf8 34. Qxh5 Qg8 35. Re8 Kh7 36. Nf3 Rxf4 37. Ng5+ Qxg5 38. Qxg5 hxg5 39. gxf4 Bg7 40. b3 gxf4 41. Kg2 Bc3 42. Ra8 Bxa5 43. Rxa6 Bc3 44. Rxd6 Ne5 45. Rd8 Kg6 46. d6 Kf7 47. f3 Ke6 48. Rf8 Bd2 49. Kf2 Kxd6 50. Ke2 Be3 51. Rb8 Nc6 52. Rf8 Nd4+ 53. Kd3 Nxb3 54. Rf6+ Kd5 55. Rf5+ Kc6 56. Kc4 Nd2+ 57. Kc3 Nxf3 0-1

[Event "11th Arad Open 2018"]
[Site "Arad"]
[Date "2018.08.09"]
[Round "6"]
[White "Magold, Victor"]
[Black "Banzea, Alexandru-Bogdan"]
[Result "0-1"]
[ECO "A15"]
[WhiteElo "2032"]
[BlackElo "2313"]
[Annotator "NA"]
[PlyCount "44"]
[EventDate "2018.08.05"]
[EventType "swiss"]
[EventCountry "ROU"]
[SourceTitle "playchess.com"]
[Source "ChessBase"]
[SourceQuality "1"]
[TimeControl "40/5400+30:1800+30"]

1. c4 Nf6 2. g3 g6 3. Bg2 Bg7 4. Nf3 O-O 5. O-O d6 6. Nc3 e5 7. d4 Nbd7 8. dxe5 dxe5 9. Qc2 c6 10. Rd1 Qe7 11. Bg5 h6 12. Bxf6 Nxf6 13. e3 Bf5 14. Qe2 e4 15. Nd4 Bg4 16. f3 exf3 17. Bxf3 Bxf3 18. Qxf3 Rfe8 19. Re1 h5 20. Re2 Ng4 21. Rae1 Ne5 22. Qf4 Nd3 0-1

[Event "11th Arad Open 2018"]
[Site "Arad"]
[Date "2018.08.09"]
[Round "6"]
[White "Stepanencu, Nicodim-Cosmin"]
[Black "Cerovic, Danilo"]
[Result "1/2-1/2"]
[ECO "A09"]
[WhiteElo "2022"]
[BlackElo "2320"]
[Annotator "NA"]
[PlyCount "64"]
[EventDate "2018.08.05"]
[EventType "swiss"]
[EventCountry "ROU"]
[SourceTitle "playchess.com"]
[Source "ChessBase"]
[SourceQuality "1"]
[TimeControl "40/5400+30:1800+30"]

1. Nf3 d5 2. c4 d4 3. e3 Nc6 4. b4 Bg4 5. Qa4 Qd7 6. Nxd4 Nxd4 7. Qxd7+ Bxd7 8. exd4 g6 9. Bb2 Bg7 10. d3 Nh6 11. Nd2 b6 12. Be2 Nf5 13. Nb3 Bc6 14. Bg4 Bxg2 15. Rg1 Nh4 16. O-O-O Bf3 17. Bxf3 Nxf3 18. Rg3 Nh4 19. d5 Bxb2+ 20. Kxb2 Nf5 21. Rg4 O-O-O 22. Kc3 Rd6 23. Nd2 Rf8 24. Re1 Rdd8 25. Nf3 Rd6 26. Ng5 h6 27. Ne4 Rdd8 28. Ng3 Nxg3 29. fxg3 Kd7 30. Rge4 Rde8 31. Rf1 e6 32. Rf6 Ke7 1/2-1/2

[Event "11th Arad Open 2018"]
[Site "Arad"]
[Date "2018.08.09"]
[Round "6"]
[White "Albu, George"]
[Black "Terbe, Julianna"]
[Result "0-1"]
[ECO "D15"]
[WhiteElo "2016"]
[BlackElo "2234"]
[Annotator "NA"]
[PlyCount "104"]
[EventDate "2018.08.05"]
[EventType "swiss"]
[EventCountry "ROU"]
[SourceTitle "playchess.com"]
[Source "ChessBase"]
[SourceQuality "1"]
[TimeControl "40/5400+30:1800+30"]

1. d4 d5 2. c4 c6 3. Nf3 Nf6 4. Nc3 dxc4 5. e4 b5 6. e5 Nd5 7. a4 e6 8. Be2 Bb7 9. O-O Nxc3 10. bxc3 Be7 11. Rb1 Qd7 12. Bg5 a6 13. Qd2 h6 14. Bxe7 Qxe7 15. Qb2 Ra7 16. Bxc4 Nd7 17. Bd3 O-O 18. Nd2 Nb6 19. Bc2 Nd5 20. g3 c5 21. Ne4 cxd4 22. cxd4 bxa4 23. Nc5 Bc6 24. Ra1 Qc7 25. Rfb1 a5 26. Bxa4 Nb4 27. Qa3 Rd8 28. Qc3 Ba8 29. Rc1 Qe7 30. Bc2 Nxc2 31. Rxc2 Qc7 32. Ra3 Qc6 33. f3 Qd5 34. Rd2 Rb8 35. Rd1 Rb4 36. Ne4 Rc4 37. Qd2 Bc6 38. Rc3 Rxc3 39. Qxc3 a4 40. Ra1 a3 41. Kf2 a2 42. Nd2 Ra3 43. Qb2 Bb5 44. h4 Bc6 45. Rc1 Qa5 46. Ra1 Bd5 47. h5 Qa7 48. Ke2 Qa6+ 49. Kf2 Qd3 50. Rc1 a1=Q 51. Rxa1 Rxa1 52. Qxa1 Qxd2+ 0-1

[Event "11th Arad Open 2018"]
[Site "Arad"]
[Date "2018.08.10"]
[Round "7"]
[White "Vajda, Levente"]
[Black "Deepan Chakkravarthy J"]
[Result "1/2-1/2"]
[ECO "B22"]
[WhiteElo "2558"]
[BlackElo "2530"]
[Annotator "ChessBase"]
[PlyCount "88"]
[EventDate "2018.08.05"]
[EventType "swiss"]
[EventCountry "ROU"]
[SourceTitle "playchess.com"]
[Source "ChessBase"]
[SourceQuality "1"]
[TimeControl "40/5400+30:1800+30"]

1. e4 c5 2. c3 Nf6 3. e5 Nd5 4. d4 cxd4 5. Nf3 Nc6 6. cxd4 d6 7. Bc4 e6 8. O-O Be7 9. Qe2 O-O 10. Nc3 dxe5 11. dxe5 Nxc3 12. bxc3 Qa5 13. Bd2 Rd8 14. Rfe1 Bd7 15. Bb3 Be8 16. h4 Qa6 17. Qxa6 bxa6 18. Bc4 a5 19. h5 h6 20. a4 Bc5 21. Be3 Bxe3 22. Rxe3 Rab8 23. Bb5 Kf8 24. Re4 Rb6 25. c4 a6 26. Bxc6 Bxc6 27. Rf4 Rb4 28. Nd4 Bd7 29. Nc2 Rb2 30. Ne3 Rdb8 31. Kh2 R8b4 32. Rd1 Bxa4 33. Rd8+ Be8 34. Ra8 a4 35. Rxa6 Rd2 36. Ra7 Rd7 37. Ra8 Rc7 38. Rd4 Ke7 39. Rd6 Rbb7 40. Rda6 Bc6 41. Nc2 Rb2 42. R8a7 Rd7 43. Nd4 Bb7 44. c5 Rxd4 1/2-1/2

[Event "11th Arad Open 2018"]
[Site "Arad"]
[Date "2018.08.10"]
[Round "7"]
[White "Miron, Lucian-Costin"]
[Black "Bogdan, Dan"]
[Result "1/2-1/2"]
[ECO "A84"]
[WhiteElo "2460"]
[BlackElo "2382"]
[Annotator "ChessBase"]
[PlyCount "21"]
[EventDate "2018.08.05"]
[EventType "swiss"]
[EventCountry "ROU"]
[SourceTitle "playchess.com"]
[Source "ChessBase"]
[SourceQuality "1"]
[TimeControl "40/5400+30:1800+30"]

1. d4 f5 2. c4 d6 3. Nc3 e5 4. dxe5 dxe5 5. Qxd8+ Kxd8 6. e4 Nf6 7. Bg5 fxe4 8. Nd5 Nbd7 9. O-O-O Be7 10. Nc3 c6 11. Nge2 1/2-1/2

[Event "11th Arad Open 2018"]
[Site "Arad"]
[Date "2018.08.10"]
[Round "7"]
[White "Womacka, Mathias"]
[Black "Balla, Tamas-Kristof"]
[Result "1-0"]
[ECO "B42"]
[WhiteElo "2450"]
[BlackElo "2352"]
[Annotator "ChessBase"]
[PlyCount "57"]
[EventDate "2018.08.05"]
[EventType "swiss"]
[EventCountry "ROU"]
[SourceTitle "playchess.com"]
[Source "ChessBase"]
[SourceQuality "1"]
[TimeControl "40/5400+30:1800+30"]

1. e4 c5 2. Nf3 e6 3. d4 cxd4 4. Nxd4 a6 5. Bd3 Nf6 6. O-O Qc7 7. Qe2 d6 8. c4 g6 9. Nc3 Bg7 10. Rd1 O-O 11. Nf3 Nc6 12. h3 Nd7 13. Be3 Bxc3 14. bxc3 f6 15. Nh2 e5 16. Nf1 Nc5 17. Bh6 Rf7 18. Ne3 Be6 19. Bc2 Kh8 20. Rd2 Ne7 21. Nd5 Bxd5 22. cxd5 g5 23. h4 gxh4 24. Qh5 Ng6 25. Re1 Qa5 26. Bd1 Qxc3 27. Bg4 Nd3 28. Be6 Rc7 29. Qf5 1-0

[Event "11th Arad Open 2018"]
[Site "Arad"]
[Date "2018.08.10"]
[Round "7"]
[White "Zawadzka, Jolanta"]
[Black "Trifan, Andrei Ioan"]
[Result "1-0"]
[ECO "C45"]
[WhiteElo "2435"]
[BlackElo "2308"]
[Annotator "NA RC"]
[PlyCount "75"]
[EventDate "2018.08.05"]
[EventType "swiss"]
[EventCountry "ROU"]
[SourceTitle "playchess.com"]
[Source "ChessBase"]
[SourceQuality "1"]
[TimeControl "40/5400+30:1800+30"]

1. e4 e5 2. Nf3 Nc6 3. d4 exd4 4. Nxd4 Bc5 5. Nb3 Bb6 6. Qe2 a5 7. a4 d6 8. Be3 Bxe3 9. Qxe3 Nf6 10. Nc3 Be6 11. Nd4 Bd7 12. O-O-O O-O 13. f3 Re8 14. g4 Nxd4 15. Qxd4 Bc6 16. Bc4 Nd7 17. h4 Qf6 18. Qe3 Nb6 19. Bb3 Rad8 20. g5 Qe5 21. h5 d5 22. g6 Qf6 23. gxf7+ Qxf7 24. h6 Re6 25. hxg7 Rf6 26. Qg5 Qxg7 27. Qh4 Rdf8 28. Rdg1 Rg6 29. Rxg6 Qxg6 30. exd5 Be8 31. d6+ Bf7 32. Qd4 Bxb3 33. Rg1 Bxc2 34. Rxg6+ Bxg6 35. dxc7 Nc8 36. Qd5+ Kg7 37. Qe5+ Kg8 38. Nd5 1-0

[Event "11th Arad Open 2018"]
[Site "Arad"]
[Date "2018.08.10"]
[Round "7"]
[White "Petrisor, Adrian-Marian"]
[Black "Weinzettl, Ernst"]
[Result "1-0"]
[ECO "C05"]
[WhiteElo "2416"]
[BlackElo "2215"]
[Annotator "NA"]
[PlyCount "79"]
[EventDate "2018.08.05"]
[EventType "swiss"]
[EventCountry "ROU"]
[SourceTitle "playchess.com"]
[Source "ChessBase"]
[SourceQuality "1"]
[TimeControl "40/5400+30:1800+30"]

1. e4 e6 2. d4 d5 3. Nd2 Nf6 4. e5 Nfd7 5. Bd3 c5 6. c3 Nc6 7. Ndf3 cxd4 8. cxd4 Qa5+ 9. Bd2 Qb6 10. Bc3 a5 11. Ne2 a4 12. O-O a3 13. Rb1 axb2 14. Rxb2 Qa7 15. Qb1 g6 16. h4 Na5 17. Nf4 Be7 18. Ng5 Nc4 19. Bxc4 dxc4 20. d5 Bxg5 21. hxg5 O-O 22. dxe6 fxe6 23. Nxe6 Rf5 24. Nc7 Nxe5 25. Bxe5 Rxe5 26. Nxa8 Qxa8 27. Rb6 Qa5 28. Rd1 Kf7 29. Rc1 Re7 30. Rf6+ Kg8 31. Rf4 Be6 32. g3 Qxg5 33. Qb6 Bf7 34. Qd4 Qe5 35. Qd8+ Kg7 36. Rcxc4 Re8 37. Qc7 Qe1+ 38. Kh2 Re7 39. Qd6 g5 40. Qf6+ 1-0

[Event "11th Arad Open 2018"]
[Site "Arad"]
[Date "2018.08.10"]
[Round "7"]
[White "Peptan, Corina-Isabela"]
[Black "Stanca, Adrian"]
[Result "1-0"]
[ECO "D20"]
[WhiteElo "2380"]
[BlackElo "2208"]
[Annotator "NA"]
[PlyCount "55"]
[EventDate "2018.08.05"]
[EventType "swiss"]
[EventCountry "ROU"]
[SourceTitle "playchess.com"]
[Source "ChessBase"]
[SourceQuality "1"]
[TimeControl "40/5400+30:1800+30"]

1. d4 d5 2. c4 dxc4 3. e3 Nf6 4. Bxc4 e6 5. Nf3 Nbd7 6. O-O a6 7. Nbd2 b5 8. Be2 Bb7 9. a4 c6 10. e4 Be7 11. e5 Nd5 12. Ne4 h6 13. Bd2 O-O 14. Qc2 b4 15. a5 c5 16. Nxc5 Nxc5 17. dxc5 Qc7 18. Rfc1 Rfc8 19. Qc4 Bxc5 20. Qg4 Kf8 21. Bc4 Qe7 22. Ne1 f5 23. Qe2 Qh4 24. Nd3 Be7 25. Bxd5 exd5 26. Nf4 Ke8 27. g3 Qg4 28. f3 1-0